 Dungeon Crawl Stone Soup version 0.25.1-9-gc5326a611f (webtiles) character file.

Game seed: 9829197260991215993

102 funkygono the Skirmisher (level 4, -2/36 HPs)
             Began as a Demonspawn Abyssal Knight on Jan 1, 2021.
             Was a Follower of Lugonu.
             Slain by an iron imp (4 damage)
             ... on level 3 of the Dungeon.
             The game lasted 00:03:59 (2283 turns).

funkygono the Skirmisher (DsAK)                     Turns: 2283, Time: 00:03:59

Health: -2/36      AC:  5    Str: 13    XL:     4   Next: 50%
Magic:  6/6        EV: 10    Int: 14    God:    Lugonu [*.....]
Gold:   125        SH:  0    Dex: 12    Spells: 3/3 levels left

rFire    . . .     SeeInvis .   k - +1 whip (flame)
rCold    . . .     Gourm    .   (no shield)
rNeg     . . .     Faith    .   j - +0 ring mail
rPois    .         Spirit   .   (helmet restricted)
rElec    .         Reflect  .   (no cloak)
rCorr    .         Harm     .   (no gloves)
MR       .....                  (no boots)
Stlth    +.........             (no amulet)
HPRegen  0.12/turn              (no ring)
MPRegen  0.10/turn              (no ring)

@: mighty
A: antennae 1
a: Depart the Abyss, Renounce Religion


You were on level 3 of the Dungeon.
You worshipped Lugonu.
Lugonu was aware of your devotion.
You were not hungry.

You visited 1 branch of the dungeon, and saw 3 of its levels.
You visited the Abyss 1 time.

You collected 125 gold pieces.

Inventory:

Hand Weapons
 a - a +1 mace
 k - a +1 whip of flaming (weapon)
Missiles
 h - 11 bolts
Armour
 b - a +0 leather armour
 j - a +0 ring mail (worn)
Scrolls
 d - a scroll of identify
 l - 3 scrolls of remove curse
 n - a scroll of blinking
Potions
 e - 2 potions of invisibility
 g - 2 potions of cancellation
 m - a potion of curing {unknown}
Comestibles
 c - 4 rations
 i - 6 chunks of flesh


   Skills:
 + Level 3.6 Fighting
 + Level 3.1 Maces & Flails
 + Level 2.5 Armour
 + Level 1.3 Dodging
 - Level 0.2 Stealth
 + Level 2.7 Invocations


You had 3 spell levels left.
You didn't know any spells.
Your spell library was empty.

Dungeon Overview and Level Annotations

Branches:
Dungeon (3/15)

Altars:
Ashenzari
Makhleb


Innate Abilities, Weirdness & Mutations

You have a pair of small antennae on your head.


Message History

The iron imp closely misses you.
You barely miss the iron imp.
The iron imp is severely wounded.
A gnoll comes into view. It is wielding a +0 halberd.
The iron imp hits you.
The gnoll shouts!
You whack the iron imp!
You kill the iron imp!
Lugonu accepts your kill.
Your Maces & Flails skill increases to level 3!
You hit the iron imp.
The iron imp is lightly wounded.
The gnoll throws a stone.
The stone hits you.
* * * LOW HITPOINT WARNING * * *
The iron imp hits you!
* * * LOW HITPOINT WARNING * * *
You hit the iron imp but do no damage.
The iron imp is lightly wounded.
The gnoll throws a stone.
The stone misses you. The iron imp hits you.
You die...

#....§8..._..#
##.....≈≈.....#
#......≈≈§§?..#
#.......≈§§.5.#
#........≈≈≈§.# .
#.........≈≈≈.# .
#..5.5.....§..# #.
#######.#############
###.##...@55.>.....#
.........#########.#
##......# ####.....#
<.......g# ####
##.......##....#
##..#...........#
#..##.....#.....#
#.........##....#


You could see 2 iron imps and a gnoll.

Vanquished Creatures
  An iron imp (D:3)
  3 adders (D:2)
  A dart slug (D:1)
  2 leopard geckos
  2 ball pythons (D:1)
  A giant cockroach (D:2)
  5 hobgoblins
  5 kobolds
  5 bats (D:1)
  4 frilled lizards
  9 goblins
  6 rats (D:1)
44 creatures vanquished.

Notes
Turn   | Place    | Note
-------+----------+-------------------------------------------
     0 | Abyss:1  | funkygono the Demonspawn Abyssal Knight began the quest for
                  | the Orb.
     0 | Abyss:1  | Reached XP level 1. HP: 18/18 MP: 2/2
    54 | Abyss:1  | Noticed an orange demon
    58 | Abyss:1  | Noticed a small abomination
    67 | Abyss:1  | Noticed a thrashing horror
    68 | Abyss:1  | Found a sacrificial altar of Ru.
    70 | D:1      | Escaped the Abyss
   501 | D:1      | Reached skill level 1 in Dodging
   646 | D:1      | Reached * piety under Lugonu
   648 | D:1      | Gained mutation: You have a pair of small antennae on your
                  | head. [demonic ancestry]
   648 | D:1      | Reached XP level 2. HP: 24/24 MP: 4/4
  1362 | D:1      | Reached XP level 3. HP: 29/29 MP: 5/5
  1981 | D:2      | Reached XP level 4. HP: 32/35 MP: 6/6
  2142 | D:3      | Found a shattered altar of Ashenzari.
  2251 | D:3      | Found a burning altar of Makhleb.
  2283 | D:3      | Slain by an iron imp

Illustrated notes

Levels and vault maps discovered:
D:1:      scummos_arrival_forest, layout_loops_cross, supply_closet_lemuel
D:2:      layout_rooms
D:3:      layout_rooms, demons_altar, lemuel_round_altar, first_ration,
          cheibrodos_ashenzari_chains

Skill      XL: |  1  2  3  4 |
---------------+-------------+-----
Dodging        | 1 |  1.3
Maces & Flails | 2 3 |  3.1
Armour         | 2 |  2.5
Fighting       | |  3.6
Stealth        | |  0.2
Invocations    | |  2.7

Action                   |  1- 3 |  4- 6 || total
-------------------------+-------+-------++-------
Melee: Mace              |    41 |       ||    41
       Whip              |    60 |    24 ||    84
Invok: Depart the Abyss  |     1 |       ||     1
  Use: Scroll            |     6 |     2 ||     8
       Potion            |     3 |     1 ||     4
 Stab: Sleeping          |     1 |       ||     1
  Eat: Chunk             |     3 |     1 ||     4
Armor: Leather armour    |    11 |       ||    11
       Ring mail         |    23 |     4 ||    27
Dodge: Dodged            |    59 |    10 ||    69
